 Dungeon Crawl Stone Soup version 0.26-a0-712-ga5a9c9c9d0 (webtiles) character file.

Game seed: 3718642910366922984

101 dmks the Insei (level 4, 0/29 HPs)
             Began as an Octopode Transmuter on Nov 10, 2020.
             Slain by an orc
             ... wielding a +0 mace
              (3 damage)
             ... on level 3 of the Dungeon.
             The game lasted 00:04:07 (2354 turns).

dmks the Insei (Octopode Transmuter)                Turns: 2354, Time: 00:04:07

Health: 0/29       AC:  1    Str:  9    XL:     4   Next: 75%
Magic:  6/7        EV: 13    Int: 15    God:
Gold:   136        SH:  0    Dex: 13    Spells: 7/8 levels left

rFire    + . .     SeeInvis .     - Unarmed
rCold    . . .     Faith    .   (no shield)
rNeg     . . .     Spirit   .   (helmet currently unavailable)
rPois    .         Reflect  .   l - amulet of the acrobat
rElec    .         Harm     .   (no ring)
rCorr    .         Rampage  .   (no ring)
MR       .....     Clarity  +   (no ring)
Stlth    +++.......             (no ring)
HPRegen  0.09/turn              (no ring)
MPRegen  0.10/turn              (no ring)
                                (no ring)
                                (no ring)

@: appendages
A: almost no armour, stealthy swim, amphibious, 8 rings, constrict 8, tentacle
spike 3, camouflage 1, clarity, fire resistance 1, gelatinous body 1, MP-powered
wands
a: End Transformation


You were on level 3 of the Dungeon.
One of your tentacles had a temporary spike.
You visited 1 branch of the dungeon, and saw 3 of its levels.

You collected 136 gold pieces.

Inventory:

Jewellery
 e - an uncursed amulet of regeneration
   (You found it on level 2 of the Dungeon)
 l - an amulet of the acrobat (around mantle)
   (You found it on level 3 of the Dungeon)
Scrolls
 a - 3 scrolls of amnesia {unknown}
 d - a scroll of magic mapping {unknown}
 i - a scroll of teleportation {unknown}
 k - a scroll of fear {unknown}
Potions
 b - a potion of flight {unknown}
 c - a potion of might {unknown}
 f - a potion of mutation {!q}
 g - a potion of magic
 h - a potion of haste {unknown}
 j - a potion of stabbing {unknown}


   Skills:
 + Level 1.9 Fighting
 - Level 2.0 Dodging
 + Level 2.0 Stealth
 * Level 3.9 Unarmed Combat
 + Level 2.5 Spellcasting
 + Level 2.6 Transmutations


You had 7 spell levels left.
You knew the following spells:

 Your Spells              Type           Power        Failure   Level
a - Beastly Appendage     Tmut           #.....       7%          1

Your spell library contained the following spells:

 Spells                   Type           Power        Failure   Level
 Wereblood                Tmut           #.......     11%         2
 Spider Form              Tmut/Pois      #.........   36%         3
 Ice Form                 Ice/Tmut       #.......     77%         4
 Blade Hands              Tmut           #.........   89%         5


Dungeon Overview and Level Annotations

Branches:
Dungeon (3/15)

Altars:


Innate Abilities, Weirdness & Mutations

You cannot wear most types of armour.
You are very stealthy in the water. (Stealth+)
You are amphibious.
You can wear up to eight rings at the same time.
You can use your tentacles to constrict eight enemies at once.
Your skin changes colour to match your surroundings (Stealth+).
Your rubbery body absorbs attacks. (AC +1, EV +1)
One of your tentacles bears a large vicious spike.
You possess an exceptional clarity of mind.
Your flesh is heat resistant. (rF+)
You expend magic power (3 MP) to strengthen your wands.


Message History

l - an amulet of the acrobat (around mantle) Sorry, you're not good enough to have a special ability.
You see here a spear.
Found a ring mail.
An orc comes into view. It is wielding a -2 flail.
An orc is nearby!
An orc comes into view. It is wielding a +0 club.
You see here a ring mail.
You tentacle-slap the orc. You grab the orc. You squeeze the orc.
You kill the orc!
You see here a cursed -2 flail.
The orc shouts!
You hear a shout!
An orc priest comes into view. It is wielding a +0 dagger.
You hear a shout!
The orc hits you with a +0 club.
You closely miss the orc. You grab the orc.
You squeeze the orc, but do no damage. You constrict the orc.
The orc completely misses you.
You barely miss the orc. You squeeze the orc. You constrict the orc.
The orc hits you with a +0 club.
You tentacle-slap the orc.
You kill the orc!
The orc priest invokes the aid of Beogh against you.
Beogh smites you!
An orc comes into view. It is wielding a +0 mace.
The orc priest mumbles some strange prayers to Beogh against you.
Beogh smites you!
* * * LOW HITPOINT WARNING * * *
You see here a +0 club.
You tentacle-slap the orc priest. Your grab misses the orc priest.
You squeeze the orc priest, but do no damage.
The orc priest hits you with a +0 dagger.
* * * LOW HITPOINT WARNING * * *
You tentacle-slap the orc priest. Your grab misses the orc priest.
The orc priest closely misses you.
You tentacle-slap the orc priest. Your grab misses the orc priest.
You tentacle-slap the orc priest. Your squeeze misses the orc priest.
The orc priest miscasts a cantrip.
One of your tentacles grows a vicious spike.
The orc priest closely misses you.
The orc priest hits you but does no damage.
The orc completely misses you.
You tentacle-slap the orc priest but do no damage.
You grab the orc priest. You constrict the orc priest.
The orc priest closely misses you.
You tentacle-slap the orc priest.
You kill the orc priest!
Your Stealth skill increases to level 2!
The orc hits you with a +0 mace.
You die...

#.# #.# #.#
#######.#####...
#.#
...............#
#.#
########.#####.
#####.# #[#
#.....#
#)#####.#
#####.#
#........
#.#######
#.#######
#.......# #@#
#.#####.#
#)o...... #.#
### #########
#.# #.# #.# #.#
###


You could see an orc.

Vanquished Creatures
  An orc priest (D:3)
  3 adders (D:2)
  A worm (D:2)
  A dart slug (D:1)
  2 orcs (D:3)
  2 giant cockroaches (D:2)
  4 goblins
  3 hobgoblins
  3 jackals (D:1)
  3 quokkas (D:2)
  A ball python (D:2)
  2 frilled lizards (D:2)
  7 kobolds
  4 rats
37 creatures vanquished.

Notes
Turn   | Place    | Note
-------+----------+-------------------------------------------
     0 | D:1      | dmks the Octopode Transmuter began the quest for the Orb.
     0 | D:1      | Reached XP level 1. HP: 13/13 MP: 3/3
   390 | D:1      | Reached XP level 2. HP: 14/18 MP: 5/5
   612 | D:1      | Reached skill level 1 in Stealth
  1075 | D:2      | Reached XP level 3. HP: 9/23 MP: 6/6
  1076 | D:2      | Gained mutation: Your flesh is heat resistant. (rF+)
                  | [potion of mutation]
  1076 | D:2      | Gained mutation: You possess an exceptional clarity of
                  | mind. [potion of mutation]
  1076 | D:2      | Gained mutation: You expend magic power (3 MP) to
                  | strengthen your wands. [potion of mutation]
  1988 | D:2      | Reached XP level 4. HP: 29/29 MP: 7/7
  2354 | D:3      | Slain by an orc

Illustrated notes

Levels and vault maps discovered:
D:1:      roderic_octagonal_star, layout_loops_ring
D:2:      layout_basic
D:3:      layout_basic, minitemple, uniq_crazy_yiuf_cottage, uniq_ijyb

Skill      XL: |  1  2  3  4 |
---------------+-------------+-----
Stealth        | 1 2 |  2.0
Fighting       | |  1.9
Dodging        | |  2.0
Unarmed Combat | |  3.9
Spellcasting   | |  2.5
Transmutations | |  2.6

Action                   |  1- 3 |  4- 6 || total
-------------------------+-------+-------++-------
Melee: Unarmed           |    65 |    24 ||    89
       Tentacles         |    10 |     6 ||    16
       Constrict         |    18 |     7 ||    25
       Kick              |     5 |       ||     5
       Punch             |       |     1 ||     1
 Cast: Beastly Appendage |     5 |     1 ||     6
  Use: Scroll            |     1 |       ||     1
       Potion            |     4 |       ||     4
 Stab: Sleeping          |     3 |     1 ||     4
Armor: Skin              |     2 |     2 ||     4
Dodge: Dodged            |    42 |    12 ||    54

Table legend: (Time is in decaauts)
 A = Elapsed time spent in this place.
 B = Non-inter-level travel time spent in this place.
 C = Inter-level travel time spent in this place.
 D = Time resting spent in this place.
 E = Time spent auto-exploring this place.
 F = Levels seen in this place.
 G = Mean time per level.
                   A        B        C        D        E       F      G
               +--------+--------+--------+--------+--------+-----+--------+
         Total |   2345 |   2257 |     88 |    536 |   1440 |   3 |  781.7 |
       Dungeon |   2345 |   2257 |     88 |    536 |   1440 |   3 |  781.7 |
               +--------+--------+--------+--------+--------+-----+--------+

Top non-repeatable levels by time:
     D:2: 1169 daAuts
     D:1: 1039 daAuts
     D:3: 137 daAuts
